 Dungeon Crawl Stone Soup version 0.23.2-30-g0e89c35649 (webtiles) character file.

Game seed: 10940062175006010774

328 Kobolds4U the Covert (level 6, -4/30 HPs)
             Began as a Spriggan Enchanter on June 17, 2019.
             Slain by a gnoll
             ... wielding a +0 halberd
              (11 damage)
             ... on level 3 of the Dungeon.
             The game lasted 00:18:17 (5545 turns).

Kobolds4U the Covert (Spriggan Enchanter)           Turns: 5545, Time: 00:18:18

Health: -4/30      AC:  2    Str:  5    XL:     6   Next: 25%
Magic:  1/23       EV: 18    Int: 17    God:
Gold:   89         SH:  0    Dex: 17    Spells: 5/14 levels left

rFire    . . .     SeeInvis +   a - +1 dagger
rCold    . . .     Gourm    .   (shield restricted)
rNeg     + . .     Faith    .   b - +0 robe
rPois    .         Spirit   .   (helmet restricted)
rElec    .         Reflect  .   (no cloak)
rCorr    .         Harm     .   (gloves unavailable)
MR       +....                  (boots unavailable)
Stlth    ++++......             (no amulet)
HPRegen  0.10/turn              g - ring of positive energy
MPRegen  0.18/turn              h - ring of magical power

@: hasted, very quick
A: very small, unfitting armour, see invisible, herbivore, speed 3, slow
metabolism 2
a: no special abilities


You were on level 3 of the Dungeon.
You were not hungry.

You visited 1 branch of the dungeon, and saw 3 of its levels.

You collected 89 gold pieces.

Inventory:

Hand Weapons
 a - a +1 dagger (weapon)
Missiles
 n - 3 needles of confusion
 o - 14 poisoned needles
Armour
 b - a +0 robe (worn)
Jewellery
 g - a ring of positive energy (left hand)
 h - a ring of magical power (right hand)
Scrolls
 c - 3 scrolls of identify
 f - 3 scrolls of remove curse {unknown}
 i - a scroll of immolation {unknown}
 j - 2 scrolls of magic mapping {unknown}
 m - a scroll of blinking {unknown}
 p - a scroll of fear {unknown}
 r - a scroll of enchant weapon {unknown}
Potions
 e - 2 potions of curing
 k - a potion of haste
 l - a potion of heal wounds {unknown}
 q - a potion of might {unknown}
Comestibles
 d - 5 rations


   Skills:
 - Level 1.0 Fighting
 - Level 1.1 Short Blades
 - Level 3.0 Dodging
 * Level 9.1 Stealth
 + Level 4.6 Spellcasting
 - Level 3.6 Hexes
 - Level 1.0 Ice Magic


You had 5 spell levels left.
You knew the following spells:

 Your Spells              Type           Power        Failure   Level  Hunger
a - Corona                Hex            ###....      3%          1    None
b - Ensorcelled Hibernat  Hex/Ice        ##....       9%          2    ##.....
c - Tukima's Dance        Hex            ###.....     10%         3    ###....
d - Dazzling Spray        Conj/Hex       ##....       22%         3    ###....

Your spell library contained the following spells:

 Spells                   Type           Power        Failure   Level  Hunger
 Confuse                  Hex            ###.....     10%         3    ###....


Dungeon Overview and Level Annotations

Branches:
Dungeon (3/15)

Altars:


Innate Abilities, Weirdness & Mutations

You are very small and have problems with some larger weapons.
You are too small for most types of armour.
You have supernaturally acute eyesight. (SInv)
You are a herbivore.
You cover ground extremely quickly.
You need to consume almost no food.


Message History

It is a scroll of identify.
e - 2 potions of curing The gnoll closely misses you.
Put on which piece of jewellery? (? for menu, Esc to quit)
g - a ring of positive energy (left hand) Put on which piece of jewellery? (? for menu, Esc to quit)
You feel your magic capacity increase.
h - a ring of magical power (right hand)
The gnoll hits you.
* * * LOW HITPOINT WARNING * * *
It was a potion of haste.
You feel yourself speed up. The gnoll barely misses you.
You closely miss the gnoll. You barely miss the gnoll.
The gnoll closely misses you.
You closely miss the gnoll.
Unknown command.
You closely miss the gnoll. The gnoll hits you.
* * * LOW HITPOINT WARNING * * *
The gnoll hits you from afar with a +0 halberd!
You die...

##....##..## #...##.#.#...####
...#####...# #.#.##w#)###....#
.#..(..#g#.###.#.##.....####.#
......(..#.##..#.####w#).###.#
..g.g.........##.# #.##..##.#
..).w...).....##.# #.###.##.##
....>........###g# #.........##
.........#...# #(# ##......#..#
.........#....##@# #....<.##.##
.........#.....#g# ##..........#
........##...#.#g# #............
##.....###...#..w####............
###### ####...................
...w...######........... ###....
#......##### #.... ######## #....


You could see 3 gnolls and a dart slug.

Vanquished Creatures
  An ogre (D:2)
  Terence (D:2)
  7 gnolls
  6 adders
  An ooze (D:2)
  2 worms (D:2)
  3 dart slugs (D:2)
  3 leopard geckos
  4 orcs
  8 bats
  4 giant cockroaches
  5 goblins
  8 hobgoblins
  6 jackals
  13 kobolds
  2 ball pythons (D:1)
  3 frilled lizards
  11 rats
88 creatures vanquished.

Vanquished Creatures (others)
  A dancing weapon (D:3)
1 creature vanquished.

Grand Total: 89 creatures vanquished

Notes
Turn   | Place    | Note
-------+----------+-------------------------------------------
     0 | D:1      | Kobolds4U the Spriggan Enchanter began the quest for the
                  | Orb.
     0 | D:1      | Reached XP level 1. HP: 9/9 MP: 5/5
    75 | D:1      | Reached skill level 5 in Stealth
   335 | D:1      | Reached XP level 2. HP: 4/13 MP: 3/6
   809 | D:1      | Reached skill level 6 in Stealth
  1158 | D:1      | Learned a level 2 spell: Ensorcelled Hibernation
  2193 | D:1      | Reached XP level 3. HP: 15/16 MP: 6/8
  2253 | D:2      | Reached skill level 1 in Ice Magic
  2802 | D:2      | Noticed an ogre
  2839 | D:2      | Killed an ogre
  2839 | D:2      | Reached skill level 8 in Stealth
  2839 | D:2      | Reached XP level 4. HP: 21/21 MP: 0/9
  2986 | D:2      | Reached XP level 5. HP: 13/24 MP: 3/10
  3163 | D:2      | Noticed Terence
  3229 | D:2      | Killed Terence
  3404 | D:2      | Learned a level 3 spell: Tukima's Dance
  3408 | D:2      | Learned a level 3 spell: Dazzling Spray
  4243 | D:3      | Reached skill level 1 in Fighting
  4758 | D:3      | Reached XP level 6. HP: 30/30 MP: 8/13
  5092 | D:3      | Reached skill level 9 in Stealth
  5545 | D:3      | Slain by a gnoll

Skill      XL: |  1  2  3  4  5  6 |
---------------+-------------------+-----
Stealth        | 5 6 8 9 |  9.1
Ice Magic      | 1 |  1.0
Spellcasting   | 3 4 |  4.6
Fighting       | 1 |  1.0
Short Blades   | |  1.1
Dodging        | |  3.0
Hexes          | |  3.6

Action                   |  1- 3 |  4- 6 || total
-------------------------+-------+-------++-------
Melee: Dagger            |   194 |   167 ||   361
 Cast: Corona            |    38 |     8 ||    46
       Ensorcelled Hiber |     5 |    63 ||    68
       Tukima's Dance    |       |     2 ||     2
       Dazzling Spray    |       |     1 ||     1
  Use: Scroll            |       |     1 ||     1
       Potion            |       |     1 ||     1
 Stab: Sleeping          |     9 |    32 ||    41
       Distracted        |     1 |       ||     1
       Invisible         |       |     1 ||     1
  Eat: Ration            |       |     3 ||     3
Armor: Robe              |    28 |    15 ||    43
Dodge: Dodged            |   164 |   136 ||   300
